 Dungeon Crawl Stone Soup version 0.31-a0-1236-gaa9e43cceb (webtiles) character file.

Game seed: 1011962243416856713

22164 MacCMillion the Severer (level 12, -5/111 HPs)
             Began as a Minotaur Fighter on Dec 15, 2023.
             Was a High Priest of Okawaru.
             Slain by a skyshark (11 damage)
             ... on level 2 of the Lair of Beasts.
             The game lasted 00:24:28 (15047 turns).

MacCMillion the Severer (Minotaur Fighter)         Turns: 15047, Time: 00:24:28

Health: -5/111     AC: 22    Str: 31    XL:     12   Next: 60%
Magic:  15/15      EV: 10    Int:  5    God:    Okawaru [*****.]
Gold:   727        SH:  4    Dex: 11    Spells: 11/11 levels left

rFire   + . .        a - +0 war axe
rCold   + . .        c - +0 buckler
rNeg    . . .        Q - +3 chain mail
rPois   .            (helmet restricted)
rElec   .            v - scarf {rC+ rF+}
rCorr   .            V - +0 pair of gloves
SInv    .            m - +0 pair of boots
Will    .....        p - amulet of the acrobat
Stlth   x              - +6 ring of strength
HPRegen 0.38/turn    N - +4 ring of protection
MPRegen 0.14/turn

%: acrobat
@: no status effects
A: horns 2, retaliatory headbutt
a: Renounce Religion, Heroism, Finesse, Duel


You were on level 2 of the Lair of Beasts.
You worshipped Okawaru.
Okawaru was extremely pleased with you.
You visited 3 branches of the dungeon, and saw 14 of its levels.

You collected 766 gold pieces.
You spent 39 gold pieces at shops.

Inventory:

Hand Weapons
 a - a +0 war axe (weapon)
 J - a +0 broad axe
Missiles
 s - 3 throwing nets
 y - 5 boomerangs (quivered)
 B - 5 curare-tipped darts
 E - 11 javelins
 H - 29 poisoned darts
 T - 2 atropa-tipped darts
Armour
 c - a +0 buckler (worn)
 m - a +0 pair of boots (worn)
 v - a scarf of resistance (worn)
 Q - a +3 chain mail (worn)
 V - a +0 pair of gloves (worn)
Jewellery
 l - a ring of fire
 p - an amulet of the acrobat (around neck)
 x - a +6 ring of strength (left hand)
 C - an amulet of magic regeneration
 F - a ring of protection from fire
 G - a ring of protection from fire
 N - a +4 ring of protection (right hand)
 S - a ring of willpower
 W - a ring of protection from fire
 Y - the ring "Hana" {Str+6 Dex+4}
   (You found it on level 1 of the Lair of Beasts)

   [ring of strength]

   Str+6:     It affects your strength (+6).
   Dex+4:     It affects your dexterity (+4).
Wands
 z - a wand of roots (16)
 K - a wand of light (4)
 M - a wand of mindburst (3)
Scrolls
 g - a scroll of noise
 h - a scroll of poison
 k - 6 scrolls of blinking
 n - a scroll of fear
 o - 6 scrolls of teleportation
 t - a scroll of silence
 u - 3 scrolls of fog
 w - 4 scrolls of revelation
 A - a scroll of immolation
 I - a scroll of butterflies {unknown}
 O - 2 scrolls of vulnerability {unknown}
 R - a scroll of identify
 X - a scroll of enchant armour {unknown}
Potions
 b - 2 potions of brilliance
 d - a potion of might
 e - 2 potions of ambrosia
 f - 3 potions of haste
 i - 3 potions of attraction {unknown}
 j - 2 potions of enlightenment
 q - a potion of resistance {unknown}
 r - 3 potions of curing
 D - a potion of lignification {unknown}
 L - 3 potions of heal wounds {unknown}
 P - a potion of degeneration {unknown}
 U - a potion of mutation {unknown}


   Skills:
 + Level 11.7 Fighting
 - Level 16.0 Axes
 + Level 7.3 Throwing
 + Level 11.7 Armour
 - Level 3.0 Dodging
 - Level 4.0 Shields
 + Level 6.0 Invocations


You had 11 spell levels left.
You didn't know any spells.
Your spell library contained the following spells:

 Spells                   Type           Power      Damage    Failure   Level
 Kiss of Death            Conj/Necr      0%         2d5       88%         1
 Blink                    Tloc           0%         N/A       95%         2
 Lesser Beckoning         Tloc           0%         N/A       95%         2
 Momentum Strike          Conj/Tloc      0%         3d8       95%         2
 Confusing Touch          Hex            0%         N/A       99%         3
 Frozen Ramparts          Ice            0%         1d1       99%         3
 Gell's Gravitas          Tloc           0%         N/A       99%         3
 Teleport Other           Tloc           0%         N/A       99%         3
 Anguish                  Hex/Necr       0%         N/A       100%        4
 Cause Fear               Hex            0%         N/A       100%        4
 Dispel Undead            Necr           0%         3d6       100%        4
 Passage of Golubria      Tloc           0%         N/A       100%        4
 Petrify                  Tmut/Erth      0%         N/A       100%        4
 Vhi's Electric Charge    Tloc/Air       0%         N/A       100%        4
 Arcjolt                  Conj/Air       0%         1d10      100%        5
 Lee's Rapid Deconstruct  Erth           0%         3d4*      100%        5
 Metabolic Englaciation   Hex/Ice        0%         N/A       100%        5
 Silence                  Hex/Air        0%         N/A       100%        5
 Enfeeble                 Hex            0%         N/A       100%        7
 Lehudib's Crystal Spear  Conj/Erth      0%         10d2      100%        8
 Maxwell's Capacitive Co  Air            0%         ∞         100%        8
 Chain Lightning          Conj/Air       0%         N/A       100%        9
 Fire Storm               Conj/Fire      0%         5d1       100%        9
 Shatter                  Erth           0%         3d5*      100%        9
 Animate Armour           Summ/Erth      Unusable   N/A       N/A         4
 Summon Lightning Spire   Summ/Air       Unusable   N/A       N/A         4

Dungeon Overview and Level Annotations

Branches:
Dungeon (11/15)            Temple (1/1) D:5            Lair (2/5) D:9
  Swamp: Lair:2-3    Shoals: Lair:2-3     Snake: Lair:2-3    Spider: Lair:2-3
    Orc: D:9-12

Altars:
Ashenzari
Cheibriados
Dithmenos
Elyvilon
Fedhas
Gozag
Hepliaklqana
Kikubaaqudgha
Makhleb
Nemelex Xobeh
Okawaru
Qazlal
Ru
Sif Muna
Trog
Uskayaw
Vehumet
Wu Jian
Xom
Yredelemnul
Zin
The Shining One

Shops:
D:5 *


Innate Abilities, Weirdness & Mutations

You have a pair of horns on your head.
You reflexively headbutt those who attack you in melee.


Message History

The skyshark is moderately wounded.
The skyshark completely misses you. You furiously retaliate!
You headbutt the skyshark! The skyshark tail-slaps you.
The skyshark closely misses you.
You hit the skyshark.
The skyshark is heavily wounded.
You hit the skyshark.
The skyshark is heavily wounded.
The skyshark bites you!
The skyshark enters a blood-rage!
The skyshark tail-slaps you. The skyshark tail-slaps you!
You hit the skyshark. You headbutt the skyshark.
The skyshark is severely wounded.
The skyshark bites you!! The skyshark barely misses you.
The skyshark tail-slaps you but does no damage.
You slash the skyshark!
The skyshark is severely wounded.
The skyshark bites you!!
* * * LOW HITPOINT WARNING * * *
The skyshark barely misses you.
The skyshark tail-slaps you but does no damage.
You slash the skyshark! You headbutt the skyshark.
The skyshark is almost dead.
The skyshark bites you!!
* * * LOW HITPOINT WARNING * * *
The skyshark tail-slaps you but does no damage.
The skyshark tail-slaps you.
* * * LOW HITPOINT WARNING * * *
You closely miss the skyshark.
The skyshark is almost dead.
The skyshark barely misses you.
The skyshark tail-slaps you but does no damage. x2
The skyshark misses you.
The skyshark tail-slaps you but does no damage.
You block the skyshark's attack.
You slash the skyshark!
The skyshark is almost dead.
The skyshark bites you.
* * * LOW HITPOINT WARNING * * *
The skyshark closely misses you. The skyshark tail-slaps you!
You die...

.........P#
..........
..........
.........#
.........#
.........#
.........##
.......@..#
.......F.##
.........#
......(..#
###.##P###
## ##


You could see a skyshark (berserk).

Vanquished Creatures
  A two-headed ogre (D:7)
  A boulder beetle (D:11)
  Urug (Lair:1)
  2 cyclopes
  An ugly thing (D:7)
  Maurice (D:7)
  A black mamba (Lair:1)
  A gargoyle (D:11)
  2 unseen horrors
  2 kobold demonologists (D:10)
  Psyche (D:8)
  3 komodo dragons
  2 trolls
  A hornet (D:8)
  Sigmund (D:3)
  A vampire (D:11)
  A wyvern (D:8)
  2 shadows
  A basilisk (Lair:1)
  47 yaks
  3 vampire mosquitoes (D:11)
  6 steam dragons
  Edmund (D:4)
  An acid dragon (D:11)
  9 water moccasins
  4 orc warriors
  4 black bears
  A sky beast (D:6)
  10 wolves (Lair:1)
  5 centaurs
  4 phantoms
  2 ogres
  7 kobold brigands
  5 scorpions
  11 bullfrogs
  A wight (D:7)
  8 killer bees
  5 howler monkeys
  4 crimson imps (D:10)
  A quasit (D:5)
  5 hounds
  2 jellies
  A gnoll bouda (D:10)
  A sleepcap (D:6)
  3 orc priests
  Terence (D:3)
  2 iguanas (D:7)
  8 orc wizards
  17 gnolls
  5 adders
  2 shadow imps
  3 white imps
  6 ufetubi
  4 worms
  4 dart slugs
  34 orcs
  8 ball pythons
  6 bats
  8 endoplasms
  2 giant cockroaches (D:2)
  6 goblins
  6 hobgoblins
  4 jackals (D:4)
  6 quokkas
  5 frilled lizards
  21 kobolds
  7 rats
342 creatures vanquished.

Notes
Turn   | Place    | Note
-------+----------+-------------------------------------------
     0 | D:1      | MacCMillion the Minotaur Fighter began the quest for the
                  | Orb.
     0 | D:1      | Reached XP level 1. HP: 19/19 MP: 0/0
    68 | D:1      | Found a faded altar of an unknown god.
   103 | D:1      | Reached skill level 3 in Axes
   103 | D:1      | Reached XP level 2. HP: 20/26 MP: 1/1
   497 | D:1      | Reached skill level 4 in Axes
   497 | D:1      | Reached XP level 3. HP: 31/31 MP: 2/2
   824 | D:2      | Identified the maw talisman of the Red God {rPois rC+ Will-
                  | MP+9}
  1048 | D:2      | Found a radiant altar of Vehumet.
  1109 | D:3      | Reached skill level 5 in Axes
  1204 | D:3      | Noticed Terence
  1206 | D:3      | Reached XP level 4. HP: 39/39 MP: 3/3
  1235 | D:3      | Killed Terence
  1309 | D:3      | Reached skill level 6 in Axes
  1315 | D:3      | Reached XP level 5. HP: 43/45 MP: 4/4
  1745 | D:3      | Noticed Sigmund
  1768 | D:3      | Killed Sigmund
  1769 | D:3      | Reached skill level 8 in Axes
  1769 | D:3      | Reached XP level 6. HP: 19/51 MP: 5/5
  2344 | D:4      | Reached skill level 9 in Axes
  2463 | D:4      | Found a broken altar of Ashenzari.
  2498 | D:4      | Reached XP level 7. HP: 57/57 MP: 6/6
  2583 | D:4      | Noticed Edmund
  2592 | D:4      | Killed Edmund
  2798 | D:4      | Reached skill level 10 in Axes
  2878 | D:4      | Reached skill level 1 in Dodging
  2897 | D:4      | Found a blossoming altar of Fedhas.
  3061 | D:5      | Entered Level 5 of the Dungeon
  3062 | D:5      | Found a staircase to the Ecumenical Temple.
  3078 | Temple   | Entered the Ecumenical Temple
  3176 | D:5      | Reached XP level 8. HP: 48/67 MP: 7/7
  3372 | D:5      | Found Fatz's General Store.
  3387 | D:5      | Bought a potion of curing for 39 gold pieces
  3395 | D:5      | Reached skill level 5 in Fighting
  3395 | D:5      | Reached skill level 5 in Armour
  3741 | D:5      | Found an ornate altar of the Wu Jian Council.
  3816 | D:6      | Reached skill level 11 in Axes
  3865 | D:6      | Found an iron altar of Okawaru.
  3873 | D:6      | Became a worshipper of Warmaster Okawaru
  3961 | D:6      | Reached skill level 1 in Invocations
  4153 | D:6      | Reached XP level 9. HP: 78/78 MP: 7/9
  4414 | D:6      | Reached skill level 1 in Throwing
  4498 | D:6      | Reached * piety under Okawaru
  5405 | D:7      | Reached skill level 12 in Axes
  5484 | D:7      | Noticed Maurice
  5493 | D:7      | Something stole an amulet of magic regeneration
  5501 | D:7      | Something stole 5 boomerangs
  5522 | D:8      | Reached ** piety under Okawaru
  5665 | D:7      | Noticed a two-headed ogre
  5669 | D:7      | Something stole 292 gold
  5734 | D:7      | Noticed a troll
  5744 | D:7      | Killed a troll
  5750 | D:7      | Killed a two-headed ogre
  5751 | D:7      | Reached XP level 10. HP: 66/89 MP: 9/11
  5753 | D:7      | Killed Maurice
  5863 | D:7      | Noticed a cyan ugly thing
  5917 | D:7      | Killed a cyan ugly thing
  5917 | D:7      | Reached *** piety under Okawaru
  6551 | D:8      | Paralysed by a hornet for 2 turns
  6729 | D:8      | You fall into a shaft and drop 1 floor!
  6729 | D:9      | Found a staircase to the Lair.
  6790 | D:9      | Reached skill level 5 in Throwing
  6890 | D:9      | Reached skill level 13 in Axes
  6930 | D:9      | Reached **** piety under Okawaru
  7299 | D:8      | Noticed Psyche
  7312 | D:8      | Killed Psyche
  7361 | D:8      | Reached XP level 11. HP: 99/99 MP: 9/12
  7368 | D:8      | Reached skill level 10 in Fighting
  7368 | D:8      | Reached skill level 10 in Armour
  7424 | D:8      | Found a stormy altar of Qazlal.
  7459 | D:8      | Identified the +3 ring mail of Pandemonium {rPois rN+ Int+6
                  | Dex-4}
  8105 | D:7      | Reached skill level 14 in Axes
  8842 | D:7      | Reached ***** piety under Okawaru
 10220 | D:9      | Found a sparkling altar of Nemelex Xobeh.
 10342 | D:9      | Found a snail-covered altar of Cheibriados.
 10379 | D:10     | Entered Level 10 of the Dungeon
 10392 | D:10     | Found an ancient bone altar of Kikubaaqudgha.
 10447 | D:9      | Reached skill level 15 in Axes
 10954 | D:10     | Found a shimmering altar of Xom.
 11018 | D:10     | Reached skill level 16 in Axes
 11025 | D:10     | Paralysed by a crimson imp for 1 turns
 11354 | D:10     | Noticed a sun demon
 12582 | D:11     | Noticed a boulder beetle
 12595 | D:11     | Killed a boulder beetle
 12603 | D:11     | Received a gift from Okawaru
 12604 | D:11     | Reached XP level 12. HP: 42/108 MP: 14/14
 13551 | Lair:1   | Entered Level 1 of the Lair of Beasts
 13568 | Lair:1   | Noticed Urug
 13586 | Lair:1   | Killed Urug
 13587 | Lair:1   | Reached skill level 5 in Invocations
 14694 | Lair:1   | Identified the ring "Hana" {Str+6 Dex+4}
 15047 | Lair:2   | Slain by a skyshark

Illustrated notes

Levels and vault maps discovered:
D:1:      dpeg_arrival_rooms_c, layout_rooms,
          shapermc_ecumenical_altar_mp_ritualfount, minmay_tetromino_t4
D:2:      layout_rooms, basic_altar
D:3:      layout_basic, uniq_sigmund, uniq_terence
D:4:      layout_gridville, fedhas_altar_4, nicolae_ashenzari_skybound,
          cheibrodos_gnoll_hut, uniq_edmund
D:5:      layout_cave_pools, nicolae_wu_jian_immortal_techniques,
          minmay_temple_entry_butterflies, serial_shops, shop, serial_demonic,
          serial_demonic_f, serial_demonic_g, serial_demonic_f, serial_demonic_g
D:6:      layout_gridville, okawaru_ov_weapons_minmay
D:7:      layout_basic, minmay_the_grid_2x2 [minmay_the_grid_empty,
          minmay_the_grid_outer_circle, minmay_the_grid_square_x,
          minmay_the_grid_prize_big_room], uniq_maurice
D:8:      layout_basic, mainiacjoe_overflow_24_doors, uniq_psyche
D:9:      layout_roguey, nemelex_altar_shiori, cheibrodos_worm_habitat,
          lair_entry_dummy, patterned_corridor
D:10:     layout_rooms, kiku_gazebo_garden_becter, led_xom_imps,
          corexii_checkpoint
D:11:     layout_rooms
Temple:   compressed_dpeg_triangle_lava_temple
Lair:1:   layout_regular_city, grunt_megastairs_2, infiniplex_staircase_pool_2,
          serial_bayou_shore_a, lemuel_fruit_fields, serial_bayou_shore_b,
          uniq_urug
Lair:2:   layout_cellular_growth, alex1729_snake_entry_snake,
          gammafunk_ghost_arena

Skill      XL: |  1  2  3  4  5  6  7  8  9 10 11 12 |
---------------+-------------------------------------+-----
Shields        | 4 |  4.0
Axes           | 3 4 5 6 8 9 10 11 12 13 16 | 16.0
Dodging        | 2 3 |  3.0
Fighting       | 4 6 8 9 10 11 | 11.7
Armour         | 4 6 8 9 10 11 | 11.7
Invocations    | 1 3 4 6 |  6.0
Throwing       | 3 5 7 |  7.3

Action                     |  1- 3 |  4- 6 |  7- 9 | 10-12 || total
---------------------------+-------+-------+-------+-------++-------
  Melee: War axe           |   110 |   116 |   275 |   631 ||  1132
         Headbutt          |     9 |    16 |    49 |   131 ||   205
  Throw: Boomerang         |       |       |     4 |     3 ||     7
 Invoke: Heroism           |       |       |     2 |     7 ||     9
         Finesse           |       |       |       |     1 ||     1
    Use: Scroll            |       |       |     7 |     6 ||    13
         Potion            |       |       |     2 |     2 ||     4
 Armour: Scale mail        |    71 |       |       |       ||    71
         Chain mail        |     6 |    84 |   187 |   383 ||   660
         Plate armour      |       |       |       |    51 ||    51
  Dodge: Dodged            |    61 |    63 |   155 |   266 ||   545
  Block: Buckler           |    18 |    24 |    71 |   101 ||   214

Table legend: (Time is in decaauts)
 A = Elapsed time spent in this place.
 B = Non-inter-level travel time spent in this place.
 C = Inter-level travel time spent in this place.
 D = Time resting spent in this place.
 E = Time spent auto-exploring this place.
 F = Levels seen in this place.
 G = Mean time per level.
                   A        B        C        D        E       F      G
               +--------+--------+--------+--------+--------+-----+--------+
         Total |  14985 |  14129 |    856 |   4401 |   7067 |  14 | 1070.4 |
       Dungeon |  13514 |  12681 |    833 |   4032 |   6283 |  11 | 1228.5 |
        Temple |     22 |     22 |      0 |      0 |      0 |   1 |   22.0 |
          Lair |   1449 |   1426 |     23 |    369 |    784 |   2 |  724.5 |
               +--------+--------+--------+--------+--------+-----+--------+

Top non-repeatable levels by time:
     D:7: 3250 daAuts
     D:9: 1621 daAuts
  Lair:1: 1442 daAuts
     D:6: 1314 daAuts
    D:10: 1178 daAuts
    D:11: 1160 daAuts
     D:3: 1076 daAuts
     D:8: 1066 daAuts
     D:4: 1012 daAuts
     D:5: 699 daAuts
     D:1: 681 daAuts
     D:2: 453 daAuts
  Temple: 22 daAuts
  Lair:2: 7 daAuts
